 Dungeon Crawl Stone Soup version 0.32-a0-918-g0f22ef8d61 (webtiles) character file.

Game seed: 2343301414578640777

51 dittoslash the Cudgeller (level 3, -3/31 HPs)
             Began as a Mountain Dwarf Fighter on Apr 10, 2024.
             Slain by Crazy Yiuf
             ... wielding a +2 quarterstaff of chaos
              (9 damage)
             ... on level 2 of the Dungeon.
             The game lasted 00:02:36 (2108 turns).

dittoslash the Cudgeller (Mountain Dwarf Fighter)   Turns: 2108, Time: 00:02:36

Health: -3/31      AC:  6    Str: 26    XL:     3   Next: 58%
Magic:  3/3        EV:  8    Int:  8    God:
Gold:   124        SH:  5    Dex: 15    Spells: 2/2 levels left

rFire   . . .        a - +0 flail
rCold   . . .        c - +0 buckler
rNeg    . . .        b - +0 scale mail
rPois   .            (no helmet)
rElec   .            (no cloak)
rCorr   .            (no gloves)
SInv    .            (no boots)
Will    .....        (no amulet) Stlth
                     g - +6 ring of strength
HPRegen 0.25/turn    m - +6 ring of dexterity
MPRegen 0.08/turn

%: no passive effects
@: weak-willed
A: runic magic, artefact enchanting
a: no special abilities


You were on level 2 of the Dungeon.
You visited 1 branch of the dungeon, and saw 2 of its levels.

You collected 124 gold pieces.

Inventory:

Hand Weapons
 a - a +0 flail (weapon)
Armour
 b - a +0 scale mail (worn)
 c - a +0 buckler (worn)
Jewellery
 g - a +6 ring of strength (left hand)
 j - a ring of magical power
 m - a +6 ring of dexterity (right hand)
Scrolls
 k - a scroll of amnesia
 o - 3 scrolls of noise {unknown}
 q - a scroll of blinking {unknown}
 r - a scroll of teleportation {unknown}
Potions
 d - 2 potions of might
 e - a potion of brilliance {unknown}
 f - a potion of curing {unknown}
 h - a potion of ambrosia {unknown}
 i - a potion of lignification {unknown}
 l - a potion of haste {unknown}
 n - 3 potions of cancellation {unknown}
 p - a potion of heal wounds {unknown}


   Skills:
 - Level 3.4 Fighting
 + Level 4.5 Maces & Flails
 - Level 3.4 Armour
 - Level 3.4 Shields


You had 2 spell levels left.
You didn't know any spells.
Your spell library contained the following spells:

 Spells                   Type           Power      Damage    Failure   Level
 Slow                     Hex            0%         N/A       54%         1


Dungeon Overview and Level Annotations

Branches:
Dungeon (2/15)

Altars:

Annotations:
D:2 Crazy Yiuf


Innate Abilities, Weirdness & Mutations

Your spellcasting is much less encumbered by armour.
You can use scrolls of enchantment on lesser artefacts.


Message History

No target in view!
You open the door.
There is an open door here.
You open the door.
There is an open door here.
You open the door.
There is an open door here.
You see here a +0 dagger.
Key pressed, stopping explore.
Could not explore, unopened runed door.
Could not explore, unopened runed door.
Could not explore, unopened runed door.
You open the door. You closely miss Crazy Yiuf. Crazy Yiuf barely misses you.
You thump Crazy Yiuf!
Crazy Yiuf is heavily wounded.
Crazy Yiuf closely misses you. You block Crazy Yiuf's attack.
You hit Crazy Yiuf but do no damage.
Crazy Yiuf is heavily wounded.
Crazy Yiuf screams, "Prologue!
Castle tired high."
Crazy Yiuf hits you with a +2 quarterstaff of chaos.
You barely miss Crazy Yiuf.
Crazy Yiuf is heavily wounded.
Crazy Yiuf twirls on the spot.
Crazy Yiuf hits you with a +2 quarterstaff of chaos.
Your willpower is stripped away!
You barely miss Crazy Yiuf.
Crazy Yiuf is moderately wounded.
Crazy Yiuf barely misses you.
You hit Crazy Yiuf.
Crazy Yiuf is severely wounded.
Crazy Yiuf hits you with a +2 quarterstaff of chaos.
Crazy Yiuf burns you.
You barely miss Crazy Yiuf.
Crazy Yiuf is severely wounded.
Crazy Yiuf hits you with a +2 quarterstaff of chaos!
Crazy Yiuf freezes you.
* * * LOW HITPOINT WARNING * * *
Crazy Yiuf hits you with a +2 quarterstaff of chaos!
You die...

##'##
##..#####..#......#.
##...## #....#
##........#.
##.....## ♣....♣
###.#.##.##
##.......## ♣...♣♣
#.#.##.##
##.........# ♣♣.♣♣
####.#......
.+.........# ♣.♣♣
#...........
##....<....# ♣♣.♣
####.###...#
###..>....## ♣.♣♣
#.####.##
.........## ♣♣@♣
#......# #####...##
#g# ######.# .#
#..## ... #.#
.####..# #...# #.#
...^...# #..)# #.##
.#.##..## ##### #...
........## ####
.#.#.....## ###
.#........#######.#


You could see Crazy Yiuf.

Vanquished Creatures
  An adder (D:2)
  A ribbon worm (D:2)
  4 dart slugs
  3 ball pythons
  5 endoplasms
  3 giant cockroaches (D:2)
  2 goblins
  3 hobgoblins
  3 bats
  A frilled lizard (D:2)
  A kobold (D:1)
  4 rats
31 creatures vanquished.

Notes
Turn   | Place    | Note
-------+----------+-------------------------------------------
     0 | D:1      | dittoslash the Mountain Dwarf Fighter began the quest for
                  | the Orb.
     0 | D:1      | Reached XP level 1. HP: 19/19 MP: 1/1
   237 | D:1      | Reached skill level 3 in Maces & Flails
   237 | D:1      | Reached XP level 2. HP: 23/26 MP: 1/2
   398 | D:1      | Found a faded altar of an unknown god.
   406 | D:1      | Got Plato's Incunabulum of Fascination
  1252 | D:2      | Reached XP level 3. HP: 25/31 MP: 3/3
  1296 | D:2      | Reached skill level 4 in Maces & Flails
  1571 | D:2      | Found a runed translucent door.
  1572 | D:2      | Noticed Crazy Yiuf
  2108 | D:2      | Slain by Crazy Yiuf

Illustrated notes

Levels and vault maps discovered:
D:1:      minmay_arrival_radiant_lines, layout_basic,
          shapermc_ecumenical_altar_rom_forum
D:2:      layout_loops_corners, uniq_crazy_yiuf_cottage

Skill      XL: |  1  2  3 |
---------------+----------+-----
Maces & Flails | 3 4 |  4.5
Fighting       | |  3.4
Armour         | |  3.4
Shields        | |  3.4

Action                     || total
---------------------------++-------
  Melee: Flail             ||   107
    Use: Scroll            ||     2
 Armour: Scale mail        ||    87
  Dodge: Dodged            ||    62
  Block: Buckler           ||    28

Table legend: (Time is in decaauts)
 A = Elapsed time spent in this place.
 B = Non-inter-level travel time spent in this place.
 C = Inter-level travel time spent in this place.
 D = Time resting spent in this place.
 E = Time spent auto-exploring this place.
 F = Levels seen in this place.
 G = Mean time per level.
                   A        B        C        D        E       F      G
               +--------+--------+--------+--------+--------+-----+--------+
         Total |   2133 |   2084 |     49 |      0 |   1821 |   2 | 1066.5 |
       Dungeon |   2133 |   2084 |     49 |      0 |   1821 |   2 | 1066.5 |
               +--------+--------+--------+--------+--------+-----+--------+

Top non-repeatable levels by time:
     D:2: 1149 daAuts
     D:1: 983 daAuts
